SL
THUNDER BAY NORTHERN LIONS BC @ DETROIT RENAISSANCE
08/08/2029
 
TOP OF THE 1ST
Thunder Bay Northern Lions BC batting - Pitching for Detroit Renaissance : LHP Arnie Pittman
Pitching: LHP Arnie Pittman
Batting: RHB Rafael Pueblo 0-0: Ball
1-0: Called Strike
1-1: Foul Ball, location: 2F
1-2: Foul Ball, location: 2F
1-2: Ball
2-2: Ball
3-2: SINGLE (Line Drive, 56D)
Batting: RHB António Mendoza 0-0: Fielders Choice at 2nd, 6-4 (Groundball, 6)
Batting: RHB Xavier Pérez 0-0: Called Strike
0-1: Foul Ball, location: 2F
0-2: Strikes out swinging
Batting: RHB Denis Higgins 0-0: Ball
1-0: Ball
2-0: Foul Ball, location: 2F
2-1: Ball
3-1: Base on Balls
António Mendoza to second
Batting: RHB Carlos Padilla 0-0: Called Strike
0-1: SINGLE (Line Drive, 8RS)
António Mendoza to third
Denis Higgins to second
Runner from 3rd tries for Home, SAFE, no throw
Batting: RHB Keith Fish 0-0: Called Strike
0-1: Ball
1-1: Foul Ball, location: 2F
1-2: Ball
2-2: Fielders Choice at 2nd, 6-4 (Groundball, 6)
Top of the 1st over - 1 run, 2 hits, 0 errors, 2 left on base; Thunder Bay 1 - Detroit 0
BOTTOM OF THE 1ST
Detroit Renaissance batting - Pitching for Thunder Bay Northern Lions BC : RHP Rafael Rodríguez
Pitching: RHP Rafael Rodríguez
Batting: LHB Eric Thackston 0-0: Foul Ball, location: 2F
0-1: Foul Ball, location: 2F
0-2: Foul Ball, location: 2F
0-2: Foul Ball, location: 2F
0-2: Ball
1-2: Ground out 4-3 (Groundball, 4)
Batting: RHB Juan Cabrera 0-0: Ball
1-0: Swinging Strike
1-1: Foul Ball, location: 2F
1-2: Ball
2-2: Ball
3-2: Foul Ball, location: 2F
3-2: Ground out 6-3 (Groundball, 6)
Batting: LHB Bartolo Benítez 0-0: Ball
1-0: Called Strike
1-1: Fly out, F8 (Flyball, 8LM)
Bottom of the 1st over - 0 runs, 0 hits, 0 errors, 0 left on base; Thunder Bay 1 - Detroit 0
TOP OF THE 2ND
Thunder Bay Northern Lions BC batting - Pitching for Detroit Renaissance : LHP Arnie Pittman
Batting: RHB Augusto Encarnación 0-0: Fly out, F7 (Line Drive, 7)
Batting: RHB Justin Smelter 0-0: Ball
1-0: Called Strike
1-1: Called Strike
1-2: DOUBLE (Line Drive, 7D)
Batting: SHB Carlos Rodríguez 0-0: Called Strike
0-1: Foul Ball, location: 2F
0-2: Ball
1-2: Strikes out looking
Batting: RHB Rafael Pueblo 0-0: Fly out, F8 (Flyball, 89M)
Top of the 2nd over - 0 runs, 1 hit, 0 errors, 1 left on base; Thunder Bay 1 - Detroit 0
BOTTOM OF THE 2ND
Detroit Renaissance batting - Pitching for Thunder Bay Northern Lions BC : RHP Rafael Rodríguez
Batting: LHB Yoichibei Sato 0-0: Ball
1-0: Ball
2-0: Called Strike
2-1: Ball
3-1: Called Strike
3-2: Fly out, F3 (Popup, 3L)
Batting: RHB Quincy van Enk 0-0: Ball
1-0: Called Strike
1-1: Ball
2-1: Ball
3-1: Swinging Strike
3-2: Base on Balls
Batting: RHB António Padilla 0-0: Foul Ball, location: 2F
0-1: Grounds into double play, 4-6-3 (Groundball, 4)
Bottom of the 2nd over - 0 runs, 0 hits, 0 errors, 0 left on base; Thunder Bay 1 - Detroit 0
TOP OF THE 3RD
Thunder Bay Northern Lions BC batting - Pitching for Detroit Renaissance : LHP Arnie Pittman
Batting: RHB António Mendoza 0-0: Fly out, F7 (Flyball, 78M)
Batting: RHB Xavier Pérez 0-0: Ball
1-0: Ground out 5-3 (Groundball, 56)
Batting: RHB Denis Higgins 0-0: TRIPLE (Groundball, 3L)
Batting: RHB Carlos Padilla 0-0: Fly out, F9 (Flyball, 9LSF)
Top of the 3rd over - 0 runs, 1 hit, 0 errors, 1 left on base; Thunder Bay 1 - Detroit 0
BOTTOM OF THE 3RD
Detroit Renaissance batting - Pitching for Thunder Bay Northern Lions BC : RHP Rafael Rodríguez
Batting: RHB Sixto Estrada 0-0: Foul Ball, location: 2F
0-1: Swinging Strike
0-2: Ball
1-2: Ball
2-2: Ball
3-2: Strikes out looking
Batting: RHB Takashi Miike 0-0: Called Strike
0-1: Ball
1-1: Called Strike
1-2: Foul Ball, location: 2F
1-2: Ball
2-2: Fly out, F7 (Line Drive, 78D)
Batting: RHB Eric D'Angle 0-0: Foul Ball, location: 2F
0-1: Foul Ball, location: 2F
0-2: Ball
1-2: SINGLE (Line Drive, 89S)
Batting: LHB Eric Thackston 0-0: Ball
1-0: Ground out 1-3 (Groundball, 15S)
Bottom of the 3rd over - 0 runs, 1 hit, 0 errors, 1 left on base; Thunder Bay 1 - Detroit 0
TOP OF THE 4TH
Thunder Bay Northern Lions BC batting - Pitching for Detroit Renaissance : LHP Arnie Pittman
Batting: RHB Keith Fish 0-0: Foul Ball, location: 2F
0-1: DOUBLE (Line Drive, 89D)
Batting: RHB Augusto Encarnación 0-0: Ball
1-0: Foul Ball, location: 2F
1-1: Ball
2-1: Foul Ball, location: 2F
2-2: Ball
3-2: Foul Ball, location: 2F
3-2: Strikes out swinging, 2-3 out at first.
Batting: RHB Justin Smelter 0-0: Ball
1-0: Fly out, F7 (Flyball, 7)
Batting: SHB Carlos Rodríguez 0-0: Ball
1-0: Foul Ball, location: 2F
1-1: Foul Ball, location: 2F
1-2: SINGLE (Line Drive, 6M)
Keith Fish to third
Runner from 3rd tries for Home, SAFE, no throw
Batting: RHB Rafael Pueblo 0-0: Called Strike
0-1: Foul Ball, location: 2F
0-2: Ball
1-2: Strikes out swinging
Top of the 4th over - 1 run, 2 hits, 0 errors, 1 left on base; Thunder Bay 2 - Detroit 0
BOTTOM OF THE 4TH
Detroit Renaissance batting - Pitching for Thunder Bay Northern Lions BC : RHP Rafael Rodríguez
Batting: RHB Juan Cabrera 0-0: Fly out, F7 (Flyball, 78S)
Batting: LHB Bartolo Benítez 0-0: Ball
1-0: Called Strike
1-1: Foul Ball, location: 2F
1-2: Ball
2-2: Ball
3-2: Fly out, F8 (Flyball, 78XD)
Batting: LHB Yoichibei Sato 0-0: Ball
1-0: Ball
2-0: Called Strike
2-1: Foul Ball, location: 2F
2-2: SOLO HOME RUN (Flyball, 9D), Distance : 351 ft
Batting: RHB Quincy van Enk 0-0: Ground out 5-3 (Groundball, 56)
Bottom of the 4th over - 1 run, 1 hit, 0 errors, 0 left on base; Thunder Bay 2 - Detroit 1
TOP OF THE 5TH
Thunder Bay Northern Lions BC batting - Pitching for Detroit Renaissance : LHP Arnie Pittman
Batting: RHB António Mendoza 0-0: Ball
1-0: Foul Ball, location: 2F
1-1: Foul Ball, location: 2F
1-2: Ball
2-2: Ball
3-2: Ground out 6-3 (Groundball, 6)
Batting: RHB Xavier Pérez 0-0: Called Strike
0-1: Swinging Strike
0-2: Ball
1-2: Ball
2-2: Ground out 5-3 (Groundball, 56S)
Batting: RHB Denis Higgins 0-0: SINGLE (Flyball, 89S)
Batting: RHB Carlos Padilla 0-0: Foul Ball, location: 2F
0-1: Ball
1-1: SINGLE (Groundball, 34D)
Denis Higgins to second
Runner from 2nd tries for 3rd, OUT!
Top of the 5th over - 0 runs, 2 hits, 0 errors, 1 left on base; Thunder Bay 2 - Detroit 1
BOTTOM OF THE 5TH
Detroit Renaissance batting - Pitching for Thunder Bay Northern Lions BC : RHP Rafael Rodríguez
Batting: RHB António Padilla 0-0: Foul Ball, location: 2F
0-1: Foul Ball, location: 2F
0-2: Strikes out swinging
Batting: RHB Sixto Estrada 0-0: Foul Ball, location: 2F
0-1: Swinging Strike
0-2: Foul Ball, location: 2F
0-2: Foul Ball, location: 2F
0-2: Strikes out swinging
Batting: RHB Takashi Miike 0-0: Ball
1-0: Called Strike
1-1: Ball
2-1: Swinging Strike
2-2: Ball
3-2: Base on Balls
Batting: RHB Eric D'Angle 0-0: Fielders Choice at 2nd, U6 (Groundball, 6M)
Bottom of the 5th over - 0 runs, 0 hits, 0 errors, 1 left on base; Thunder Bay 2 - Detroit 1
TOP OF THE 6TH
Thunder Bay Northern Lions BC batting - Pitching for Detroit Renaissance : LHP Arnie Pittman
Batting: RHB Keith Fish 0-0: Foul Ball, location: 2F
0-1: Foul Ball, location: 2F
0-2: Ball
1-2: Ground out 5-3 (Groundball, 56S)
Batting: RHB Augusto Encarnación 0-0: Called Strike
0-1: Foul Ball, location: 2F
0-2: Ball
1-2: Foul Ball, location: 2F
1-2: Foul Ball, location: 2F
1-2: Strikes out swinging
Batting: RHB Justin Smelter 0-0: Ball
1-0: Foul Ball, location: 2F
1-1: SINGLE (Line Drive, 4MD)
Batting: SHB Carlos Rodríguez 0-0: Called Strike
0-1: Swinging Strike
0-2: Ball
1-2: Ball
2-2: Fielders Choice at 2nd, 5-4 (Groundball, 56)
Top of the 6th over - 0 runs, 1 hit, 0 errors, 1 left on base; Thunder Bay 2 - Detroit 1
BOTTOM OF THE 6TH
Detroit Renaissance batting - Pitching for Thunder Bay Northern Lions BC : RHP Rafael Rodríguez
Batting: LHB Eric Thackston 0-0: Ball
1-0: Called Strike
1-1: Called Strike
1-2: Ball
2-2: Foul Ball, location: 2F
2-2: Ball
3-2: Foul Ball, location: 2F
3-2: Foul Ball, location: 2F
3-2: Strikes out looking
Batting: RHB Juan Cabrera 0-0: Called Strike
0-1: Ball
1-1: Foul Ball, location: 2F
1-2: Ground out U3 (Groundball, 34S)
Batting: LHB Bartolo Benítez 0-0: Fly out, F8 (Line Drive, 78D)
Bottom of the 6th over - 0 runs, 0 hits, 0 errors, 0 left on base; Thunder Bay 2 - Detroit 1
TOP OF THE 7TH
Thunder Bay Northern Lions BC batting - Pitching for Detroit Renaissance : LHP Arnie Pittman
Batting: RHB Rafael Pueblo 0-0: Called Strike
0-1: Ball
1-1: Called Strike
1-2: Ground out 6-3 (Groundball, 6)
Batting: RHB António Mendoza 0-0: Called Strike
0-1: Foul Ball, location: 2F
0-2: Ball
1-2: Foul Ball, location: 2F
1-2: Ball
2-2: Ball
3-2: Ground out 4-3 (Groundball, 4)
Batting: RHB Xavier Pérez 0-0: Called Strike
0-1: Foul Ball, location: 2F
0-2: Ball
1-2: Strikes out swinging
Top of the 7th over - 0 runs, 0 hits, 0 errors, 0 left on base; Thunder Bay 2 - Detroit 1
BOTTOM OF THE 7TH
Detroit Renaissance batting - Pitching for Thunder Bay Northern Lions BC : RHP Rafael Rodríguez
Batting: LHB Yoichibei Sato 0-0: Ground out 4-3 (Groundball, 34D)
Batting: RHB Quincy van Enk 0-0: Swinging Strike
0-1: Ball
1-1: Fly out, F9 (Flyball, 89D)
Batting: RHB António Padilla 0-0: Called Strike
0-1: Ball
1-1: Ball
2-1: Ground out 6-3 (Groundball, 6)
Bottom of the 7th over - 0 runs, 0 hits, 0 errors, 0 left on base; Thunder Bay 2 - Detroit 1
TOP OF THE 8TH
Thunder Bay Northern Lions BC batting - Pitching for Detroit Renaissance : LHP Arnie Pittman
Batting: RHB Denis Higgins 0-0: Ball
1-0: Called Strike
1-1: Fly out, F8 (Flyball, 8RS)
Batting: RHB Carlos Padilla 0-0: Ball
1-0: Ground out 5-3 (Groundball, 56)
Batting: RHB Keith Fish 0-0: Ball
1-0: Swinging Strike
1-1: Swinging Strike
1-2: Ball
2-2: Foul Ball, location: 2F
2-2: Strikes out swinging
Top of the 8th over - 0 runs, 0 hits, 0 errors, 0 left on base; Thunder Bay 2 - Detroit 1
BOTTOM OF THE 8TH
Detroit Renaissance batting - Pitching for Thunder Bay Northern Lions BC : RHP Rafael Rodríguez
Batting: RHB Sixto Estrada 0-0: Ground out 6-3 (Groundball, 6)
Batting: RHB Takashi Miike 0-0: Foul Ball, location: 2F
0-1: Ball
1-1: SINGLE (Line Drive, 7LM)
Batting: RHB Eric D'Angle 0-0: Ball
1-0: Called Strike
1-1: Foul Ball, location: 2F
1-2: Ball
2-2: Strikes out swinging
Batting: LHB Eric Thackston 0-0: Ball
1-0: SINGLE (Flyball, 8LS)
Takashi Miike to second
Runner from 2nd tries for 3rd, SAFE, no throw
Pitching: LHP Norberto Quintana
Batting: RHB Juan Cabrera 0-0: Ball
1-0: Ground out 6-3 (Groundball, 56)
Bottom of the 8th over - 0 runs, 2 hits, 0 errors, 2 left on base; Thunder Bay 2 - Detroit 1
TOP OF THE 9TH
Thunder Bay Northern Lions BC batting - Pitching for Detroit Renaissance : LHP Arnie Pittman
Batting: RHB Augusto Encarnación 0-0: SINGLE (Flyball, 78S)
Pitching: RHP Brantford Winstworth III
Batting: RHB Justin Smelter
Pinch Hitting: RHB Gabriel Rodríguez 0-0: Ball
1-0: Sac Bunt - play at first, batter OUT! 1-4
Augusto Encarnación to second
Batting: SHB Carlos Rodríguez 0-0: Called Strike
0-1: Ball
1-1: Swinging Strike
1-2: Ball
2-2: Ball
3-2: Foul Ball, location: 2F
3-2: Ground out 6-3 (Groundball, 6)
Augusto Encarnación to third
Batting: RHB Rafael Pueblo 0-0: Ball
1-0: Hit by Pitch
Batting: RHB António Mendoza 0-0: Called Strike
0-1: Fly out, F9 (Flyball, 89S)
Top of the 9th over - 0 runs, 1 hit, 0 errors, 2 left on base; Thunder Bay 2 - Detroit 1
BOTTOM OF THE 9TH
Detroit Renaissance batting - Pitching for Thunder Bay Northern Lions BC : LHP Norberto Quintana
Now at 3B: Gabriel Rodríguez
Batting: LHB Bartolo Benítez 0-0: Fly out, F5 (Popup, 25F)
Batting: LHB Yoichibei Sato 0-0: Ball
1-0: Ball
2-0: Ball
3-0: Called Strike
3-1: Base on Balls
Batting: RHB Quincy van Enk 0-0: Swinging Strike
0-1: Swinging Strike
0-2: Strikes out swinging
Batting: RHB António Padilla 0-0: Foul Ball, location: 2F
0-1: Ball
1-1: Swinging Strike
1-2: Strikes out swinging
Bottom of the 9th over - 0 runs, 0 hits, 0 errors, 1 left on base; Thunder Bay 2 - Detroit 1
Tuesday, December 19th, 2017 - OOTP Baseball 18.8 Build 76